 Dungeon Sprint DCSS version 0.21-a0-72-gbbb65ab (webtiles) character file.

18349 Kidiri the Fighter (level 12, -16/115 HPs)
             Began as a Grey Draconian Transmuter on June 20, 2017.
             Was the Champion of Wu Jian.
             Killed from afar by an ice dragon (41 damage)
             ... with a blast of cold
             ... in the Dungeon (Sprint VII: "The Pits").
             The game lasted 00:14:57 (2555 turns).

Kidiri the Fighter (Grey Draconian Transmuter)      Turns: 2555, Time: 00:14:57

Health: -16/115    AC: 13    Str: 15    XL:     12   Next: 26%
Magic:  24/27      EV: 21    Int: 20    God:    Wu Jian [******]
Gold:   23         SH:  0    Dex: 16    Spells: 19/34 levels left

rFire    . . .     SeeInvis .     - Unarmed
rCold    . . .     Gourm    .   (shield currently unavailable)
rNeg     . . .     Faith    .   (armour unavailable)
rPois    .         Spirit   .   (helmet restricted)
rElec    .         Reflect  .   (no cloak)
rCorr    .         Harm     .   (gloves currently unavailable)
MR       .....     NoTele   +   (no boots)
Stlth    ++........             (no amulet)
HPRegen  0.29/turn              q - +3 ring of intelligence
MPRegen  0.20/turn              r - +3 ring of intelligence

@: exhausted, blade hands, glowing, heavenly storm
A: walk through water, unfitting armour, talons 1, agile 1, unbreathing,
cold-blooded, MP-powered wands, AC +13
a: End Transformation, Serpent's Lash, Heavenly Storm, Renounce Religion


You were in the Dungeon.
You worshipped Wu Jian.
Wu Jian was exalted by your worship.
You were very full.
You had blades for hands.
You visited 1 branch You collected 23 gold pieces.

Inventory:

Missiles
 a - 58 arrows
Jewellery
 q - a +3 ring of intelligence (left scythe-like blade)
 r - a +3 ring of intelligence (right scythe-like blade)
 y - an uncursed ring of protection from magic
 B - an uncursed ring of protection from cold
Scrolls
 i - a scroll of blinking
 l - 4 scrolls of remove curse
 m - 5 scrolls of amnesia
 n - a scroll of summoning
 u - 6 scrolls of enchant armour
 v - 2 scrolls of fog
 x - 5 scrolls of identify
 A - a scroll of fear
Potions
 d - 5 potions of curing
 e - 10 potions of heal wounds
 f - 4 potions of haste
 g - 4 potions of magic
 h - 2 potions of berserk rage
 k - 2 potions of invisibility
 s - a potion of resistance
 t - 2 potions of brilliance
 w - 4 potions of might
 z - a potion of agility
Books
 b - a book of Changes

   Spells                             Type                      Level
   a - Beastly Appendage              Transmutation                1
   b - Sticks to Snakes               Transmutation                2
   c - Spider Form                    Transmutation/Poison         3
   d - Ice Form                       Ice/Transmutation            4
   e - Blade Hands                    Transmutation                5
Comestibles
 c - 9 bread rations
 o - 30 fruits
 p - 7 meat rations


   Skills:
 * Level 13.2 Fighting
 * Level 11.5 Dodging
 * Level 12.2 Stealth
 * Level 12.5 Unarmed Combat
 * Level 11.5 Spellcasting
 * Level 12.2 Transmutations
 + Level 8.4 Ice Magic
 + Level 8.6 Poison Magic


You had 19 spell levels left.
You knew the following spells:

 Your Spells              Type           Power        Failure   Level  Hunger
a - Beastly Appendage     Tmut           ######       5%          1    None
b - Spider Form           Tmut/Pois      ######....   10%         3    None
c - Ice Form              Ice/Tmut       ######..     14%         4    #......
d - Blade Hands           Tmut           ######....   16%         5    ####...
e - Sticks to Snakes      Tmut           ######..     6%          2    None


Dungeon Overview and Level Annotations

Branches:
Dungeon (1/1)

Altars:
Ashenzari
Cheibriados
Dithmenos
Elyvilon
Fedhas
Gozag
Hepliaklqana
Kikubaaqudgha
Makhleb
Nemelex Xobeh
Okawaru
Qazlal
Ru
Sif Muna
Trog
Uskayaw
Vehumet
Wu Jian
Xom
Yredelemnul
Zin
The Shining One
Beogh
Jiyva
Lugonu


Innate Abilities, Weirdness & Mutations

You can walk through water.
Your dull iron-grey scales are very hard. (AC +13)
You cannot fit into any form of body armour.
You can survive without breathing.
You are cold-blooded and may be slowed by cold attacks.
You have sharp toenails.
You are agile. (Dex +2)
You expend magic power (3 MP) to strengthen your wands.


Message History

Your muscles tense, ready for explosive movement...
You spin and attack the ice dragon with incredible momentum.
You barely miss the ice dragon.
The ice dragon is moderately wounded.
Zoom!
You spin and attack the ice dragon with incredible momentum.
You slash the ice dragon!
The ice dragon is heavily wounded.
SWOOSH!
There is an open door, spattered with blood here.
You see here a redback corpse.
Unknown command.
Unknown command.
You spin and attack the ice dragon.
You slash the ice dragon! Your kick misses the ice dragon.
You tail-slap the ice dragon, but do no damage.
The ice dragon is severely wounded.
The ice dragon breathes frost at you. The blast of cold hits you!
You die...

#..#....#..# +..........#
+..........# #..#....#..#
#..........+ #..........+
###§§####''#
###§§####''########
#§@D§§§##.........%
#§#s##§##........%.
#§#cZ§.##..########
#.+%:#.##..# #.#%=+.##..#
##++###########.+=:#.##.%#
.........##..##.##+#.##..#
..#......##..##......##[.#
.........''..##########..#


You could see an ice dragon, a centaur warrior, a redback and a bat simulacrum.

Vanquished Creatures
  2 eidola (D)
  A hydra (D)
  A spriggan air mage (D)
  A centaur warrior (D)
  A two-headed ogre (D)
  An orc high priest (D)
  A sun demon (D)
  A sixfirhy (D)
  A flayed ghost (D)
  A wizard (D)
  An unseen horror (D)
  A deep troll (D)
  A lindwurm (D)
  A deep elf mage (D)
  2 wolf spiders (D)
  A cyclops (D)
  A black mamba (D)
  A gargoyle (D)
  A freezing wraith (D)
  An ice devil (D)
  A komodo dragon (D)
  2 kobold demonologists (D)
  2 guardian mummies (D)
  A troll (D)
  2 hornets (D)
  A bog body (D)
  A hippogriff (D)
  4 slime creatures (D)
  A flying skull (D)
  Sigmund (D)
  2 redbacks (D)
  A vampire (D)
  A wyvern (D)
  4 vampire mosquitoes (D)
  A basilisk (D)
  An acid dragon (D)
  5 hell hounds (D)
  An orc warrior (D)
  A sky beast (D)
  An eye of draining (D)
  A phantom (D)
  5 wolves (D)
  An ogre (D)
  2 centaurs (D)
  4 big kobolds (D)
  A gnoll sergeant (D)
  A small abomination (D)
  5 wights (D)
  2 crimson imps (D)
  2 orc priests (D)
  A hell rat (D)
  An adder (D)
  8 gnolls (D)
  A river rat (D)
  A white imp (D)
  An adder skeleton (D)
  A worm (D)
  4 orcs (D)
  A bat zombie (D)
  A giant cockroach (D)
  A goblin (D)
  3 hobgoblins (D)
  2 bats (D)
  A kobold (D)
  A rat (D)
108 creatures vanquished.

Notes
Turn   | Place    | Note
-------+----------+-------------------------------------------
     0 | D        | Kidiri the Draconian Transmuter began the quest for the Orb.
     0 | D        | Reached XP level 1. HP: 16/16 MP: 3/3
    49 | D        | Found a bloodstained altar of Trog.
    49 | D        | Found a deep blue altar of Sif Muna.
    49 | D        | Found a viscous altar of Jiyva.
    49 | D        | Found a hazy altar of Hepliaklqana.
    49 | D        | Found an opulent altar of Gozag.
    50 | D        | Found a glowing golden altar of the Shining One.
    50 | D        | Found a glowing silver altar of Zin.
    50 | D        | Found a basalt altar of Yredelemnul.
    50 | D        | Found a shimmering altar of Xom.
    50 | D        | Found an ornate altar of the Wu Jian Council.
    50 | D        | Found a sacrificial altar of Ru.
    50 | D        | Found a stormy altar of Qazlal.
    50 | D        | Found an iron altar of Okawaru.
    50 | D        | Found a sparkling altar of Nemelex Xobeh.
    50 | D        | Found a burning altar of Makhleb.
    50 | D        | Found a blossoming altar of Fedhas.
    50 | D        | Found a white marble altar of Elyvilon.
    50 | D        | Found a shadowy altar of Dithmenos.
    50 | D        | Found a snail-covered altar of Cheibriados.
    52 | D        | Found a radiant altar of Vehumet.
    52 | D        | Found a corrupted altar of Lugonu.
    52 | D        | Found a roughly hewn altar of Beogh.
    53 | D        | Found a hide-covered altar of Uskayaw.
    53 | D        | Found an ancient bone altar of Kikubaaqudgha.
    53 | D        | Found a shattered altar of Ashenzari.
    59 | D        | Became a worshipper of the Wu Jian Council
   194 | D        | Reached skill level 2 in Fighting
   194 | D        | Reached skill level 1 in Stealth
   194 | D        | Reached XP level 2. HP: 24/24 MP: 2/5
   229 | D        | Reached * piety under Wu Jian
   376 | D        | Reached ** piety under Wu Jian
   376 | D        | Reached XP level 3. HP: 23/30 MP: 3/7
   379 | D        | Noticed a centaur
   399 | D        | Killed a centaur
   399 | D        | Reached skill level 4 in Fighting
   399 | D        | Reached XP level 4. HP: 18/40 MP: 3/10
   450 | D        | Learned a level 3 spell: Spider Form
   455 | D        | Learned a level 4 spell: Ice Form
   589 | D        | Noticed a wolf
   589 | D        | Noticed a big kobold
   592 | D        | Noticed a flying skull
   599 | D        | Killed a wolf
   599 | D        | Reached *** piety under Wu Jian
   599 | D        | Reached skill level 5 in Fighting
   599 | D        | Reached skill level 5 in Unarmed Combat
   599 | D        | Reached skill level 1 in Ice Magic
   599 | D        | Reached skill level 1 in Poison Magic
   599 | D        | Reached XP level 5. HP: 45/48 MP: 8/11
   607 | D        | Killed a flying skull
   607 | D        | Reached skill level 5 in Dodging
   607 | D        | Reached skill level 5 in Stealth
   607 | D        | Reached skill level 5 in Spellcasting
   607 | D        | Reached skill level 5 in Transmutations
   607 | D        | Reached XP level 6. HP: 29/57 MP: 8/13
   611 | D        | Reached skill level 6 in Fighting
   612 | D        | Reached **** piety under Wu Jian
   656 | D        | Your scales start taking on a dull iron-grey colour.
   656 | D        | Reached XP level 7. HP: 55/64 MP: 9/15
   656 | D        | Gained mutation: You can survive without breathing. [Grey Draconian growth]
   664 | D        | Learned a level 5 spell: Blade Hands
   752 | D        | Noticed a kobold demonologist
   753 | D        | Killed a kobold demonologist
   753 | D        | Reached skill level 7 in Fighting
   756 | D        | Noticed Sigmund
   758 | D        | Killed Sigmund
   768 | D        | Reached ***** piety under Wu Jian
   768 | D        | Reached XP level 8. HP: 54/73 MP: 13/17
   897 | D        | Noticed a hornet
   900 | D        | Killed a hornet
   900 | D        | Reached skill level 8 in Fighting
   989 | D        | Learned a level 2 spell: Sticks to Snakes
  1018 | D        | Noticed a kobold demonologist
  1022 | D        | Noticed a troll
  1026 | D        | Noticed an unseen horror
  1026 | D        | Killed an unseen horror
  1026 | D        | Reached XP level 9. HP: 60/82 MP: 15/20
  1028 | D        | Killed a kobold demonologist
  1028 | D        | Reached skill level 9 in Fighting
  1028 | D        | Reached skill level 5 in Ice Magic
  1028 | D        | Reached skill level 5 in Poison Magic
  1030 | D        | Noticed a guardian mummy
  1031 | D        | Killed a troll
  1034 | D        | Killed a guardian mummy
  1037 | D        | Reached ****** piety under Wu Jian
  1253 | D        | Noticed a komodo dragon
  1253 | D        | Noticed a black mamba
  1254 | D        | Killed a black mamba
  1261 | D        | Killed a komodo dragon
  1261 | D        | Reached XP level 10. HP: 48/93 MP: 18/22
  1278 | D        | Noticed a flayed ghost
  1284 | D        | Killed a flayed ghost
  1284 | D        | Reached skill level 10 in Fighting
  1449 | D        | Reached skill level 10 in Unarmed Combat
  1555 | D        | Noticed a cyclops
  1562 | D        | Killed a cyclops
  1660 | D        | Noticed a lindwurm
  1664 | D        | Killed a lindwurm
  1664 | D        | Reached skill level 10 in Stealth
  1664 | D        | Reached skill level 10 in Transmutations
  1779 | D        | Noticed a deep troll
  1784 | D        | Reached skill level 11 in Fighting
  1784 | D        | Noticed a deep elf mage
  1784 | D        | Killed a deep troll
  1792 | D        | Reached XP level 11. HP: 91/102 MP: 20/24
  1795 | D        | Killed a deep elf mage
  1795 | D        | Reached skill level 10 in Dodging
  1795 | D        | Reached skill level 10 in Spellcasting
  1800 | D        | Noticed a two-headed ogre
  1802 | D        | Killed a two-headed ogre
  1806 | D        | Noticed an eidolon
  1809 | D        | Killed an eidolon
  1809 | D        | Reached skill level 12 in Fighting
  1811 | D        | Noticed a centaur warrior
  1813 | D        | Noticed an orc high priest
  1819 | D        | Killed a centaur warrior
  1825 | D        | Killed an orc high priest
  1924 | D        | Gained mutation: You have a pair of small antennae on your head. [potion of mutation]
  1924 | D        | Gained mutation: You are resistant to hostile enchantments. (MR+) [potion of mutation]
  1925 | D        | Lost mutation: You have a pair of small antennae on your head. [potion of mutation]
  1925 | D        | Lost mutation: You are resistant to hostile enchantments. (MR+) [potion of mutation]
  1925 | D        | Gained mutation: You expend magic power (3 MP) to strengthen your wands. [potion of mutation]
  1925 | D        | Gained mutation: You have sharp toenails. [potion of mutation]
  1925 | D        | Gained mutation: You are agile. (Dex +2) [potion of mutation]
  2090 | D        | Noticed a wolf spider
  2097 | D        | Killed a wolf spider
  2204 | D        | Noticed a wolf spider
  2206 | D        | Noticed an eight-headed hydra
  2212 | D        | Killed a wolf spider
  2215 | D        | Killed an eight-headed hydra
  2229 | D        | Noticed a sun demon
  2235 | D        | Killed a sun demon
  2235 | D        | Reached XP level 12. HP: 95/113 MP: 27/27
  2264 | D        | Reached skill level 13 in Fighting
  2544 | D        | Noticed an eidolon
  2544 | D        | Noticed a centaur warrior
  2544 | D        | Noticed a spriggan air mage
  2544 | D        | Noticed an ice dragon
  2548 | D        | Killed an eidolon
  2551 | D        | Killed a spriggan air mage
  2555 | D        | Killed from afar by an ice dragon

Vault maps used:
D:        pitsprint

Skill      XL: |  1  2  3  4  5  6  7  8  9 10 11 12 |
---------------+-------------------------------------+-----
Fighting       | 2 4 5 6 7 8 9 11 12 13 | 13.2
Dodging        | 2 3 4 5 6 7 8 9 11 | 11.5
Stealth        | 1 2 3 4 5 6 8 9 10 11 12 | 12.2
Spellcasting   | 3 4 5 6 7 8 9 11 | 11.5
Transmutations | 3 4 5 6 8 9 10 11 12 | 12.2
Unarmed Combat | 4 5 6 7 8 9 10 12 | 12.5
Ice Magic      | 1 2 3 4 5 6 8 |  8.4
Poison Magic   | 1 2 3 4 5 6 8 |  8.6

Action                   |  1- 3 |  4- 6 |  7- 9 | 10-12 || total
-------------------------+-------+-------+-------+-------++-------
Melee: Unarmed           |    40 |    29 |    63 |   135 ||   267
       Tailslap          |     4 |     1 |     5 |    13 ||    23
       Headbutt          |     8 |       |       |       ||     8
       Punch             |       |       |     1 |     5 ||     6
       Kick              |       |       |       |     4 ||     4
 Cast: Beastly Appendage |     8 |       |       |       ||     8
       Spider Form       |       |     2 |       |       ||     2
       Ice Form          |       |     1 |     1 |     1 ||     3
       Blade Hands       |       |       |     3 |     9 ||    12
       Sticks to Snakes  |       |       |       |     1 ||     1
Invok: Heavenly Storm    |       |       |     2 |     4 ||     6
       Serpent's Lash    |       |       |     2 |     5 ||     7
  Use: Potion            |     3 |     2 |       |     6 ||    11
 Stab: Sleeping          |     1 |     1 |     2 |     8 ||    12
       Distracted        |       |       |     1 |       ||     1
  Eat: Chunk             |       |       |     3 |     4 ||     7
       Fruit             |       |       |       |    10 ||    10
Armor: Skin              |    14 |     2 |    16 |    20 ||    52
Dodge: Dodged            |    24 |    19 |    38 |    82 ||   163
